AoeStats
← Infadel

Arabia

508917052Analyzed
1v1 RM · 8d ago on Sep 24, 2026· 35m 4s· 2 players
Game mode
Random Map
Map size
Tiny (2 player)
Population
200
Speed
Normal
Resources
Standard
Victory
Conquest
Starting age
Dark Age
Ending age
Imperial Age
RankedLock teamsTeams togetherTeam positionsShared explorationLock speedFull tech treeHidden civsTurbo modeCheats
Victory
Defeat
🇸🇪 Danes · Sweden
1094
+16
🇮🇳 Saracens · India
1103
-16
trananlah
7:15 Loom
9:59 Feudal Age
10:04 Man-at-Arms
15:49 Forging
18:13 Scale Mail Armor
18:21 Double-Bit Axe
20:24 Horse Collar
22:57 Castle Age
20:58 Arson
21:05 Horse Collar
23:29 Wheelbarrow
23:21 Long Swordsman
23:47 Gambesons
24:50 Scale Mail Armor
25:12 Squires
34:30 Chain Mail Armor
34:50 Iron Casting
Infadel
7:27 Loom
10:04 Feudal Age
10:39 Double-Bit Axe
20:01 Horse Collar
20:33 Gold Mining
22:39 Fletching
25:26 Castle Age
23:11 Man-at-Arms
24:11 Scale Mail Armor
25:42 Stone Mining
Connection lost

Rejoining the realm…

Still unreachable

The connection could not be restored.

Session expired

The server has moved on; the page needs a fresh start.